 Dungeon Crawl Stone Soup version 0.18.1-8-gdd0e5ea (webtiles) character file.

117061 M4edhros the Covert (level 16, -2/106 HPs)
             Began as an Octopode Necromancer on May 25, 2016.
             Was the Champion of Cheibriados.
             Slain by a seven-headed hydra (6 damage)
             ... on level 4 of the Swamp on May 27, 2016.
             The game lasted 01:41:35 (13259 turns).

M4edhros the Covert (Octopode Necromancer)         Turns: 13259, Time: 01:41:36

Health: -2/106     AC:  8    Str: 21    XL:     16   Next: 73%
Magic:  16/16      EV: 33    Int: 39    God:    Cheibriados [******]
Gold:   1237       SH: 20    Dex: 43    Spells: 9 memorised, 1 level left

rFire  + . .     SeeInvis +       - Unarmed
rCold  + . .     Gourm    .     P - +4 shield
rNeg   . . .     Faith    .     i - +1 hat {SInv}
rPois  +         Spirit   .     W - amulet of magic regeneration
rElec  .         Dismiss  .     n - +2 ring of protection
rCorr  .         Reflect  .     D - +3 ring of intelligence
SustAt .         Harm     .     M - +1 ring of protection
MR     +....                    E - ring of protection from fire
Stlth  ++++++++++               S - ring "Emaoczac" {rPois MP-9 Dex+6 Slay+3 Stlth+}
                                p - +3 ring of slaying
                                (no ring)
                                (no ring)

@: agile, lethally poisoned (-2 -> -2), regenerating, very slow, somewhat
resistant to hostile enchantments, uncannily stealthy
A: almost no armour, amphibious, 8 rings, constrict 8, antennae 1, tentacle
spike 1, rugged brown scales 1, slimy green scales 1, camouflage 1, blink, cold
resistance 1, wild magic 2, gelatinous body 1, evolution 1, MP-powered wands
a: Blink, Bend Time, Temporal Distortion, Slouch, Step From Time, Renounce
Religion


You were on level 4 of the Swamp.
You worshipped Cheibriados.
Cheibriados was exalted by your worship.
You were hungry.

You visited 5 branches of the dungeon, and saw 30 of its levels.
You visited the Abyss 1 time.

You collected 2531 gold pieces.
You spent 894 gold pieces at shops.

Inventory:

Hand Weapons
 h - the +6 shillelagh "Devastator" {shatter}
   (You found it on level 1 of the Swamp)
 o - a +0 blowgun
 Y - a +9 hunting sling
Missiles
 d - 145 sling bullets
 k - 54 poisoned needles
 m - 5 steel tomahawks (quivered)
 I - 4 curare-tipped needles
Armour
 i - a +1 hat of see invisible (worn)
 P - a +4 shield (worn)
 R - a +5 large shield
Jewellery
 a - an uncursed ring of fire
 n - a +2 ring of protection (left tentacle)
 p - a +3 ring of slaying (on tentacle)
 D - a +3 ring of intelligence (right tentacle)
 E - a ring of protection from fire (on tentacle)
 M - a +1 ring of protection (on tentacle)
 S - the ring "Emaoczac" (on tentacle) {rPois MP-9 Dex+6 Slay+3 Stlth+}
   (You found it on level 11 of the Dungeon)

   [ring of stealth]

   It affects your dexterity (+6).
   It affects your accuracy and damage with ranged weapons and melee attacks
   (+3).
   It protects you from poison.
   It affects your magic capacity (-9).
   It makes you more stealthy.
 V - an uncursed ring of ice
 W - an amulet of magic regeneration (around mantle)
Wands
 u - a wand of confusion (27/48)
 x - a wand of digging (11/24)
 y - a wand of lightning (6/15)
 N - a wand of iceblast (3/15)
Scrolls
 g - 3 scrolls of fog
 j - 3 scrolls of noise
 l - 6 scrolls of recharging
 s - 2 scrolls of silence
 z - 3 scrolls of immolation
 B - 2 scrolls of enchant weapon
 F - a scroll of identify
 H - 2 scrolls of magic mapping
 K - a scroll of vulnerability
Potions
 c - a potion of resistance
 e - a potion of berserk rage {unknown}
 q - a potion of agility
 w - 5 potions of curing
 G - 2 potions of cancellation
 Q - a potion of magic
 T - 3 potions of might
Books
 r - a book of Maledictions

   Spells                             Type                      Level
   a - Corona                         Hexes                        1
   b - Ensorcelled Hibernation        Hexes/Ice                    2
   c - Confuse                        Hexes                        3
   d - Tukima's Dance                 Hexes                        3
   e - Dazzling Spray                 Conjuration/Hexes            3
 U - a book of the Tempests

   Spells                             Type                      Level
   a - Static Discharge               Conjuration/Air              3
   b - Lightning Bolt                 Conjuration/Air              5
   c - Fireball                       Conjuration/Fire             5
   d - Tornado                        Air                          9
   e - Shatter                        Earth                        9
Miscellaneous
 L - a phial of floods (inert)
Comestibles
 b - 16 bread rations
 f - 11 meat rations
 t - 15 fruits
 v - 11 slices of pizza
 J - 8 beef jerkies


   Skills:
 - Level 7.5 Fighting
 - Level 10.8 Dodging
 - Level 14.6 Stealth
 - Level 13.0 Shields
 - Level 13.0 Unarmed Combat
 - Level 6.1 Spellcasting
 - Level 4.0 Necromancy
 * Level 7.9 Transmutations
 - Level 3.3 Air Magic
 * Level 9.4 Earth Magic
 - Level 5.7 Invocations
 - Level 7.2 Evocations


You had one spell level left.
You knew the following spells:

 Your Spells              Type           Power        Failure   Level  Hunger
a - Pain                  Necr           ####         3%          1    None
b - Animate Skeleton      Necr           N/A          3%          1    None
c - Animate Dead          Necr           N/A          21%         4    #......
d - Mephitic Cloud        Conj/Pois/Air  ####....     21%         3    None
e - Confusing Touch       Hex            ###...       14%         2    None
f - Stone Arrow           Conj/Erth      ######       4%          3    None
g - Statue Form           Trmt/Erth      #######..    32%         6    ######.
h - Dazzling Spray        Conj/Hex       ###.....     24%         3    None
r - Regeneration          Chrm/Necr      #####.....   14%         3    None


Dungeon Overview and Level Annotations

Branches:
Dungeon (15/15)            Temple (1/1) D:6            Lair (8/8) D:8
  Swamp (4/4) Lair:3        Snake (0/4) Lair:4        Slime (0/6) Lair:6
    Orc (2/2) D:12            Elf (0/3) Orc:2        Vaults (0/5) D:14
 Depths (0/5) D:15

Altars:
Ashenzari
Cheibriados
Dithmenos
Fedhas
Gozag
Kikubaaqudgha
Nemelex Xobeh
Okawaru
Pakellas
Qazlal
Ru
Sif Muna
Trog
Vehumet
Xom
Yredelemnul
Zin
The Shining One
Jiyva

Shops:
Orc:2 *[:(

Annotations:
Lair:1 Xiguana's ghost, journeyman VSMo
Swamp:4 Lernaean hydra


Innate Abilities, Weirdness & Mutations

You cannot wear most types of armour.
You are amphibious.
You can wear up to eight rings at the same time.
You can use your tentacles to constrict eight enemies at once.
Your skin changes colour to match your surroundings (Stealth).
Your rubbery body absorbs attacks (AC +1).
You have a pair of small antennae on your head.
One of your tentacles bears a spike.
You are partially covered in rugged brown scales (AC +1, +3% HP).
You are partially covered in slimy green scales (AC +2).
You can translocate small distances at will.
Your flesh is cold resistant.
Your spells are harder to cast, but more powerful.
You evolve.
You expend magic power (3 MP) to strengthen your wands.


Message History

Evoke which item? (* to show all) (? for menu, Esc to quit)
Okay, then.
Drink which item? (? for menu, Esc to quit)
Okay, then.
Read which item? (? for menu, Esc to quit)
As you read the scroll of fear, it crumbles to dust.
You assume a fearsome visage.
The 27-headed Lernaean hydra easily resists.
The swamp dragon looks frightened!
The six-headed hydra easily resists.
The swamp dragon looks frightened! x2
The seven-headed hydra resists with almost no effort.
The five-headed hydra looks frightened!
The spriggan druid looks frightened!
The seven-headed hydra bites you.
* * * LOW HITPOINT WARNING * * *
The seven-headed hydra barely misses you.
You block the seven-headed hydra's attack.
The seven-headed hydra completely misses you.
You block the seven-headed hydra's attack. x2
The seven-headed hydra bites you.
You die...

♣♣ ##≈≈.#.#.## .≈ ≈♣
#≈≈≈#≈i≈≈≈#≈ ≈.# ≈≈ ♣♣
≈≈≈≈≈.#≈#≈≈.D.≈ .≈ ♣)
#≈≈≈≈..§##D#.# ≈♣♣♣.
##≈≈#.≈§#≈D≈≈.≈
≈♣♣.######≈≈≈≈.#D≈§≈≈#
.♣♣...##≈#≈#.≈.#≈D≈###≈≈
)..........≈....@D.....#
...≈.≈.###.≈≈≈≈##D#≈≈.≈≈
≈.≈≈.####≈#≈≈≈≈≈#≈.≈ ≈≈#
.≈♣♣♣.≈#####≈≈####≈## #
%.≈♣♣♣♣.≈ #### ## ...≈♣
♣ ♣♣♣♣ ♣♣♣ #.♣♣♣ ♣♣≈≈♣
♣♣≈.♣♣ ...♣ ♣≈≈≈♣♣♣≈≈.≈♣
...# ♣≈≈#≈≈≈≈≈≈♣♣


You could see the 27-headed Lernaean hydra, a seven-headed hydra, a six-headed
hydra, a five-headed hydra (fleeing), 3 swamp dragons and a spriggan druid
(fleeing).

Vanquished Creatures
  A tentacled starspawn (Abyss:3)
  2 orc warlords (Orc:2)
  Louise (Swamp:1)
  Snorg (Lair:6)
  A vault guard (D:14)
  An ettin (D:15)
  23 hydras
  A rakshasa (D:14)
  A great orb of eyes (D:15)
  An ogre mage (D:15)
  2 ghost crabs (Swamp:2)
  7 alligators
  2 centaur warriors
  8 death yaks
  A tengu warrior (D:14)
  3 orc high priests (Orc:2)
  A hell knight (D:15)
  2 spriggan druids
  4 hill giants
  Pikel (D:4)
  5 swamp dragons
  4 orc knights (Orc:2)
  A harpy (Lair:8)
  3 orc sorcerers (Orc:2)
  A phantasmal warrior (D:14)
  2 deep elf magi
  3 griffons
  A hornet (Swamp:1)
  7 cyclopes
  A manticore (D:14)
  10 ugly things
  11 elephants
  An octopode (shapeshifter) (D:15)
  Joseph (D:10)
  A centaur zombie (D:14)
  A black mamba (shapeshifter) (D:15)
  2 black mambas
  10 spiny frogs
  Psyche (D:8)
  4 rime drakes
  4 komodo dragons
  2 efreet (D:15)
  A freezing wraith (D:14)
  8 trolls
  7 giant leeches
  21 blink frogs
  3 polar bears
  3 boulder beetles
  2 bog bodies (Swamp:3)
  3 slime creatures (Swamp:1)
  2 wraiths
  A vampire (D:15)
  3 spriggans
  A water elemental (D:10)
  A yak (shapeshifter) (D:15)
  7 wyverns
  31 yaks
  A hog (D:12)
  A human (D:8)
  10 hippogriffs
  Grum (D:9)
  16 vampire mosquitoes
  Menkaure (D:5)
  8 wargs
  11 insubstantial wisps
  A naga (Lair:4)
  A soldier ant (D:13)
  9 swamp worms
  A hell hound (Lair:8)
  11 water moccasins
  7 porcupines
  4 sky beasts
  A slave (D:4)
  3 black bears
  3 swamp drakes (Swamp:4)
  28 orc warriors
  2 ice beasts
  A phantom (D:14)
  6 ogres
  20 wolves
  3 centaurs
  4 wasps
  9 crocodiles
  12 giant frogs
  2 water moccasin skeletons
  4 scorpions
  4 killer bees (D:8)
  4 howler monkeys
  An electric eel (D:11)
  A crimson imp (D:13)
  A giant frog zombie (D:13)
  7 hounds
  15 orc priests
  5 jellies
  16 orc wizards
  4 centaur skeletons
  A giant frog skeleton (D:4)
  4 iguanas
  11 worker ants
  18 sheep
  A worker ant zombie (D:10)
  15 river rats
  8 adders
  3 gnolls (Orc:1)
  A howler monkey skeleton (D:5)
  3 shadow imps
  2 oozes
  2 adder skeletons
  2 worms
  3 giant geckos
  67 orcs
  2 giant cockroaches
  A goblin (D:2)
  4 hobgoblins
  6 jackals
  3 quokkas
  3 bats
  2 giant newts
  6 kobolds
  2 rats (D:1)
  2 fungi (Lair:8)
  2 plants
647 creatures vanquished.

Vanquished Creatures (collateral kills)
  Kirke (D:12)
  Maud (Lair:5)
  A very ugly thing (Swamp:3)
  2 hydras
  A centaur warrior (D:15)
  A death knight (D:14)
  An alligator (Swamp:3)
  6 death yaks
  An unseen horror (D:12)
  A lindwurm (Lair:8)
  4 hill giants
  A cyclops (D:12)
  An orc sorcerer (Orc:2)
  A deep elf mage (D:12)
  A manticore (D:15)
  An ugly thing (Swamp:3)
  A black mamba (Lair:8)
  A torpor snail (Lair:8)
  2 centaur skeletons
  2 spiny frogs
  A troll (Orc:2)
  3 blink frogs
  2 bog bodies
  A boulder beetle (Lair:8)
  A water elemental (Orc:2)
  A human (D:12)
  5 yaks
  2 hogs (D:12)
  A warg (D:12)
  2 water moccasins
  A porcupine (Lair:6)
  A swamp drake (Swamp:4)
  6 orc warriors
  An ice beast (D:12)
  4 wolves (Lair:4)
  An ogre (D:11)
  A centaur (D:13)
  A crocodile (Lair:8)
  2 scorpions
  3 killer bees
  2 vampire bats (D:15)
  A howler monkey (D:14)
  An electric eel (D:11)
  2 crimson imps
  3 orc priests (D:12)
  4 orc wizards
  4 sheep
  An adder (D:12)
  A river rat (Lair:6)
  An adder zombie (D:6)
  17 orcs
  A giant cockroach (D:8)
  A quokka (D:7)
  3 bats (D:15)
  6 fungi
119 creatures vanquished.

Vanquished Creatures (others)
  A slave (D:4)
  An adder (D:4)
  4 orcs
  25 fungi
  17 plants
  2 starspawn tentacles (Abyss:3)
  6 starspawn tentacle segments (Abyss:3)
56 creatures vanquished.

Grand Total: 822 creatures vanquished

Notes
Turn   | Place    | Note
--------------------------------------------------------------
     0 | D:1      | M4edhros the Octopode Necromancer began the quest for the Orb.
     0 | D:1      | Reached XP level 1. HP: 11/11 MP: 3/3
    21 | D:1      | Learned a level 1 spell: Animate Skeleton
    96 | D:1      | Reached skill level 1 in Unarmed Combat
   130 | D:1      | Reached XP level 2. HP: 10/17 MP: 0/5
   546 | D:3      | Found a sparkling altar of Nemelex Xobeh.
   581 | D:3      | Reached XP level 3. HP: 11/21 MP: 3/6
   586 | D:3      | Learned a level 3 spell: Regeneration
   715 | D:3      | Reached XP level 4. HP: 20/27 MP: 1/7
   931 | D:4      | Reached skill level 3 in Stealth
   975 | D:4      | Reached skill level 4 in Stealth
   975 | D:4      | Reached XP level 5. HP: 31/31 MP: 8/8
  1002 | D:4      | Reached skill level 5 in Stealth
  1030 | D:4      | Reached XP level 6. HP: 31/36 MP: 5/9
  1063 | D:5      | Entered Level 5 of the Dungeon
  1109 | D:5      | Reached skill level 6 in Stealth
  1125 | D:5      | Noticed Menkaure
  1139 | D:5      | Killed Menkaure
  1139 | D:5      | Reached skill level 7 in Stealth
  1155 | D:5      | Found a bloodstained altar of Trog.
  1161 | D:5      | Reached XP level 7. HP: 37/41 MP: 10/10
  1173 | D:4      | Found a stormy altar of Qazlal.
  1182 | D:4      | Reached skill level 5 in Unarmed Combat
  1218 | D:4      | Found a shimmering altar of Xom.
  1218 | D:4      | Found an opulent altar of Gozag.
  1218 | D:4      | Found a blossoming altar of Fedhas.
  1291 | D:4      | Noticed Pikel
  1323 | D:4      | Killed Pikel
  1323 | D:4      | Reached skill level 9 in Stealth
  1323 | D:4      | Reached XP level 8. HP: 37/46 MP: 5/11
  1414 | D:5      | Reached skill level 10 in Stealth
  1673 | D:7      | Found a shadowy altar of Dithmenos.
  1808 | D:7      | Reached skill level 11 in Stealth
  2156 | D:6      | Reached skill level 12 in Stealth
  2226 | D:6      | Reached XP level 9. HP: 40/51 MP: 12/12
  2521 | D:6      | Found a staircase to the Ecumenical Temple.
  2544 | Temple   | Entered the Ecumenical Temple
  2550 | Temple   | Became a worshipper of Cheibriados the Contemplative
  2668 | D:8      | Noticed Psyche
  2670 | D:8      | Killed Psyche
  2670 | D:8      | Reached skill level 13 in Stealth
  2974 | D:8      | Reached skill level 1 in Fighting
  2977 | D:8      | Reached skill level 1 in Shields
  3012 | D:8      | Reached * piety under Cheibriados
  3025 | D:8      | Learned a level 4 spell: Animate Dead
  3062 | D:8      | Found a staircase to the Lair.
  3164 | D:8      | Gained mutation: One of your tentacles bears a spike. [mutagenic meat]
  3165 | D:8      | Gained mutation: You expend magic power (3 MP) to strengthen your wands. [mutagenic meat]
  3166 | D:8      | Gained mutation: Your flesh is heat resistant. [mutagenic meat]
  3167 | D:8      | Gained mutation: You are partially covered in rugged brown scales (AC +1, +3% HP). [mutagenic meat]
  3280 | D:8      | Reached skill level 14 in Stealth
  3280 | D:8      | Reached XP level 10. HP: 63/63 MP: 13/13
  3284 | D:9      | Noticed Grum
  3416 | D:9      | Killed Grum
  3428 | D:9      | Reached ** piety under Cheibriados
  3653 | D:9      | Found a radiant altar of Vehumet.
  3894 | D:10     | Entered Level 10 of the Dungeon
  3894 | D:10     | Found an iron altar of Okawaru.
  3938 | D:10     | Reached *** piety under Cheibriados
  3947 | D:10     | Noticed a hill giant
  3956 | D:10     | Killed a hill giant
  4146 | D:10     | Noticed Joseph
  4165 | D:10     | Killed Joseph
  4324 | D:11     | Reached skill level 5 in Fighting
  4409 | D:11     | Got a heavily runed tin ring
  4410 | D:11     | Identified the ring "Emaoczac" {rPois MP-9 Dex+6 Slay+3 Stlth+} (You found it on level 11 of the Dungeon)
  4411 | D:11     | ugh, funny ring, rpois 3slay 6dex stealth,-9mp
  4449 | D:11     | Noticed a five-headed hydra
  4453 | D:10     | Reached skill level 5 in Shields
  4565 | D:11     | Reached XP level 11. HP: 51/74 MP: 5/14
  4699 | D:11     | Noticed a cyclops
  4710 | D:11     | Killed a cyclops
  4746 | D:11     | Reached **** piety under Cheibriados
  4791 | D:11     | Killed a five-headed hydra
  4791 | D:11     | Reached skill level 10 in Unarmed Combat
  4977 | D:12     | Noticed a hill giant
  4977 | D:12     | Noticed a hill giant
  4988 | D:12     | Killed a hill giant
  4994 | D:12     | Killed a hill giant
  5001 | D:12     | Found a staircase to the Orcish Mines.
  5034 | D:12     | Noticed a hill giant
  5037 | D:12     | Noticed Kirke
  5046 | D:12     | Killed a hill giant
  5046 | D:12     | Reached ***** piety under Cheibriados
  5049 | D:12     | Noticed a deep elf mage
  5052 | D:12     | Killed Kirke
  5054 | D:12     | Killed a deep elf mage
  5076 | D:12     | Noticed a cyclops
  5084 | D:12     | Killed a cyclops
  5084 | D:12     | Reached skill level 1 in Invocations
  5084 | D:12     | Reached skill level 1 in Evocations
  5100 | D:12     | Killed an unseen horror
  5185 | D:12     | Noticed a purple ugly thing
  5348 | Lair:1   | Entered Level 1 of the Lair of Beasts
  5385 | Lair:1   | Noticed Xiguana's ghost (journeyman VSMo)
  5437 | Lair:2   | Learned a level 3 spell: Mephitic Cloud
  5522 | Lair:2   | Reached XP level 12. HP: 83/83 MP: 9/18
  5569 | Lair:2   | Gained mutation: Your magical capacity is low (-10% MP). [potion of mutation]
  5569 | Lair:2   | Gained mutation: Potions and wands are less effective at restoring your health. [potion of mutation]
  5594 | Lair:1   | Noticed a five-headed hydra
  5606 | Lair:2   | Noticed a five-headed hydra
  5612 | Lair:2   | Killed a five-headed hydra
  5802 | Lair:1   | Killed a five-headed hydra
  5915 | Lair:3   | Reached skill level 5 in Spellcasting
  6163 | Lair:4   | Noticed a death yak
  6172 | Lair:4   | Gained mutation: You can translocate small distances at will. [potion of mutation]
  6172 | Lair:4   | Lost mutation: One of your tentacles bears a spike. [potion of mutation]
  6172 | Lair:4   | Gained mutation: Your body sometimes deteriorates upon taking damage. [potion of mutation]
  6173 | Lair:4   | Gained mutation: One of your tentacles bears a spike. [potion of mutation]
  6267 | Lair:4   | Killed a death yak
  6267 | Lair:4   | Reached skill level 5 in Dodging
  6270 | Lair:4   | Noticed a death yak
  6270 | Lair:4   | Noticed a death yak
  6271 | Lair:4   | Noticed a death yak
  6273 | Lair:4   | Noticed a death yak
  6274 | Lair:4   | Killed a death yak
  6275 | Lair:4   | Noticed a death yak
  6283 | Lair:4   | Killed a death yak
  6524 | Lair:4   | Noticed a death yak
  6531 | Lair:4   | Noticed a death yak
  6531 | Lair:4   | Noticed a death yak
  6534 | Lair:4   | Killed a death yak
  6540 | Lair:4   | Killed a death yak
  6540 | Lair:4   | Reached ****** piety under Cheibriados
  6588 | Lair:4   | Found a staircase to the Snake Pit.
  6610 | Lair:4   | Noticed a seven-headed hydra
  6616 | Lair:4   | Killed a seven-headed hydra
  6616 | Lair:4   | Reached XP level 13. HP: 88/88 MP: 7/20
  6879 | Lair:5   | Reached skill level 5 in Evocations
  6886 | Lair:5   | Reached skill level 5 in Invocations
  7196 | Lair:5   | Noticed Maud
  7216 | Lair:5   | Killed Maud
  7320 | Lair:6   | Noticed Snorg
  7336 | Lair:6   | Killed Snorg
  7371 | Lair:6   | Found a viscous altar of Jiyva.
  7371 | Lair:6   | Found a staircase to the Slime Pits.
  7389 | Lair:6   | Found a stormy altar of Qazlal.
  7406 | Lair:6   | Identified a scroll of acquirement
  7742 | Lair:7   | Reached skill level 1 in Air Magic
  7764 | Lair:7   | Reached skill level 10 in Shields
  7847 | Lair:7   | 6 slaying, gotta get some slings
  7990 | Lair:8   | Entered Level 8 of the Lair of Beasts
  8029 | Lair:8   | Reached XP level 14. HP: 84/94 MP: 6/20
  8937 | Lair:1   | Learned a level 2 spell: Confusing Touch
  8941 | Lair:1   | Learned a level 3 spell: Stone Arrow
  9054 | D:12     | Gained mutation: You evolve. [mutagenic meat]
  9210 | D:13     | Reached skill level 1 in Earth Magic
  9401 | D:14     | Gained mutation: Your mind is acute. (Int +2) [evolution]
  9580 | D:14     | Found a gate to the Vaults.
  9748 | D:14     | Gained mutation: You are resistant to hostile enchantments. [mutagenic meat]
  9749 | D:14     | Gained mutation: Your flesh is cold resistant. [mutagenic meat]
  9750 | D:14     | Lost mutation: Your magical capacity is low (-10% MP). [mutagenic meat]
  9816 | D:14     | Gained mutation: Your spells are a little harder to cast, but a little more powerful. [mutagenic meat]
  9818 | D:14     | Gained mutation: You tend to lose your temper in combat. [mutagenic meat]
  9820 | D:14     | Lost mutation: Your mind is acute. (Int +2) [mutagenic meat]
  9825 | D:14     | Lost mutation: You are resistant to hostile enchantments. [mutagenic meat]
  9838 | D:14     | Reached XP level 15. HP: 95/99 MP: 15/24
  9893 | D:14     | Reached skill level 10 in Dodging
  9971 | D:15     | Entered Level 15 of the Dungeon
 10256 | D:15     | Lost mutation: You tend to lose your temper in combat. [mutagenic meat]
 10507 | D:15     | Gained mutation: You have a pair of small antennae on your head. [mutagenic meat]
 10529 | D:15     | Lost mutation: Your flesh is heat resistant. [mutagenic meat]
 10570 | D:15     | Found a staircase to the Depths.
 10753 | D:13     | Gained mutation: Your spells are harder to cast, but more powerful. [mutagenic meat]
 10805 | Orc:1    | Entered Level 1 of the Orcish Mines
 11060 | Orc:2    | Entered Level 2 of the Orcish Mines
 11223 | Orc:2    | Found a staircase to the Elven Halls.
 11261 | Orc:2    | Noticed an orc warlord
 11283 | Orc:2    | Killed an orc warlord
 11346 | Orc:2    | Noticed an orc warlord
 11403 | Orc:2    | Killed an orc warlord
 11478 | Orc:2    | Reached skill level 5 in Earth Magic
 11523 | Orc:2    | Found Ycuthy's Antique Armour Boutique.
 11524 | Orc:2    | Found Baodighi's Antique Weapon Shop.
 11525 | Orc:2    | Found Rucah's General Store.
 11525 | Orc:2    | Found Byroa's Book Boutique.
 11529 | Orc:2    | Bought a plain deck of wonders for 182 gold pieces
 11529 | Orc:2    | Bought a potion of agility for 52 gold pieces
 11550 | Orc:2    | Bought a book of Transfigurations for 660 gold pieces
 11557 | Orc:2    | Learned a level 6 spell: Statue Form
 11832 | Lair:3   | Drew Focus: Int increased to 20, Str decreased to 7
 11856 | Lair:3   | Found a staircase to the Swamp.
 11883 | Lair:3   | Hired Qayfeleh the merfolk for 298 gold.
 11884 | Lair:3   | Drew Focus: Int increased to 21, Str decreased to 6
 11885 | Lair:3   | Hired Woudaotete the big kobold for 102 gold.
 11892 | Swamp:1  | Entered Level 1 of the Swamp
 11967 | Swamp:1  | Reached skill level 1 in Transmutations
 11991 | Swamp:1  | Noticed Louise
 11998 | Swamp:1  | Cast into level 3 of the Abyss (Louise)
 12010 | Abyss:3  | Noticed a tentacled starspawn
 12023 | Abyss:3  | Killed a tentacled starspawn
 12026 | Abyss:3  | Noticed a lich
 12031 | Abyss:3  | Noticed a tentacled starspawn
 12037 | Swamp:1  | Escaped the Abyss
 12053 | Swamp:1  | Killed Louise
 12114 | Swamp:1  | Reached XP level 16. HP: 72/106 MP: 16/25
 12409 | Swamp:2  | Reached skill level 5 in Transmutations
 12577 | Swamp:2  | Lost mutation: Potions and wands are less effective at restoring your health. [potion of mutation]
 12763 | Swamp:3  | Learned a level 3 spell: Dazzling Spray
 12929 | Swamp:3  | Lost mutation: Your body sometimes deteriorates upon taking damage. [mutagenic meat]
 13007 | Swamp:4  | Entered Level 4 of the Swamp
 13023 | Swamp:4  | Gained mutation: You are partially covered in slimy green scales (AC +2). [evolution]
 13256 | Swamp:4  | Noticed the 27-headed Lernaean hydra
 13259 | Swamp:4  | HP: 4/106 [seven-headed hydra (3)]
 13259 | Swamp:4  | Slain by a seven-headed hydra

Skill      XL: |  1  2  3  4  5  6  7  8  9 10 11 12 13 14 15 16 |
---------------+-------------------------------------------------+-----
Unarmed Combat | 1 2 3 4 5 7 8 9 10 11 12 13 | 13.0
Stealth        | 4 5 7 9 12 14 | 14.6
Fighting       | 2 5 7 |  7.5
Shields        | 2 5 6 8 10 11 13 | 13.0
Spellcasting   | 4 6 |  6.1
Invocations    | 1 4 5 |  5.7
Evocations     | 1 4 6 7 |  7.2
Dodging        | 3 5 8 9 10 | 10.8
Air Magic      | 2 3 |  3.3
Earth Magic    | 2 6 9 |  9.4
Transmutations | 3 7 |  7.9
Necromancy     | |  4.0

Action                   |  1- 3 |  4- 6 |  7- 9 | 10-12 | 13-15 | 16-18 || total
-------------------------+-------+-------+-------+-------+-------+-------++-------
Melee: Unarmed           |    34 |     1 |    17 |   314 |   713 |   187 ||  1266
       Constrict         |     7 |     7 |    26 |    47 |   110 |    29 ||   226
       Tentacles         |     5 |     6 |    18 |   129 |   315 |    71 ||   544
       Dagger            |       |    30 |   150 |    28 |     9 |       ||   217
       Punch             |       |     2 |     3 |    45 |   152 |    50 ||   252
       Kick              |       |       |     1 |   182 |   523 |   134 ||   840
       Shillelagh        |       |       |       |       |       |     3 ||     3
 Fire: Blowgun           |       |       |       |    28 |       |       ||    28
       Hunting sling     |       |       |       |     7 |    11 |     1 ||    19
Throw: Tomahawk          |       |       |       |       |     1 |       ||     1
 Cast: Pain              |    25 |     3 |     5 |     6 |       |       ||    39
       Animate Skeleton  |     2 |     1 |    31 |    40 |    55 |     9 ||   138
       Regeneration      |     2 |     2 |    14 |    40 |    47 |    16 ||   121
       Animate Dead      |       |       |     1 |     7 |    20 |     7 ||    35
       Mephitic Cloud    |       |       |       |     1 |    12 |       ||    13
Invok: Slouch            |       |       |       |     1 |    11 |     5 ||    17
       Temporal Distorti |       |       |       |       |     3 |       ||     3
Evoke: Wand              |       |       |       |    15 |    18 |     3 ||    36
       Deck              |       |       |       |     8 |    12 |       ||    20
       Phial of floods   |       |       |       |       |     3 |     1 ||     4
  Use: Potion            |       |       |     6 |    14 |    12 |     5 ||    37
       Scroll            |       |       |     7 |    20 |    20 |     4 ||    51
 Stab: Sleeping          |     3 |     8 |    42 |    22 |    43 |    15 ||   133
       Invisible         |       |       |     4 |     3 |    17 |       ||    24
       Distracted        |       |       |       |     7 |    12 |     3 ||    22
       Confused          |       |       |       |     3 |    17 |       ||    20
       Fleeing           |       |       |       |       |     1 |       ||     1
  Eat: Chunk             |       |     2 |    15 |    11 |    38 |     5 ||    71
       Royal jelly       |       |       |       |       |     1 |     1 ||     2
Armor: Skin              |     5 |     6 |    44 |    78 |    33 |    22 ||   188
Dodge: Dodged            |    12 |    20 |    71 |   218 |   372 |   151 ||   844
Block: Shield            |       |       |       |    22 |   469 |   214 ||   705
       Large shield      |       |       |       |       |    46 |       ||    46
       Buckler           |       |       |       |       |    10 |       ||    10
